 Dungeon Crawl Stone Soup version 0.31.0-12-g77e489cdc1 (webtiles) character file.

Game seed: 92125838959195196

36647 cdecastro the Victor of a Thousand Battles (level 13, -14/116 HPs)
             Began as a Black Draconian Shapeshifter on Feb 22, 2024.
             Was the Champion of Okawaru.
             Demolished by a large slime creature (28 damage)
             ... on level 14 of the Dungeon on Feb 23, 2024.
             The game lasted 00:47:40 (23084 turns).

cdecastro the Victor of a Thousand Battles (DrSh)  Turns: 23084, Time: 00:47:41

Health: -14/116    AC: 10    Str: 18    XL:     13   Next: 54%
Magic:  23/23      EV: 12    Int: 18    God:    Okawaru [******]
Gold:   471        SH:  0    Dex: 11    Spells: 12/12 levels left

rFire   + .          .
                       - Unarmed
rCold   + . .        (shield currently unavailable)
rNeg    . . .        (body armour unavailable)
rPois   .            H - +1 hat
rElec   +            V - scarf of Onuc {rC+ rF+, +Inv Fly Int+8 Dex-4}
rCorr   .            (gloves currently unavailable)
SInv    +            E - +0 pair of boots
Will    .....        F - amulet of magic regeneration
Stlth   +            I - ring of see invisible
HPRegen 0.39/turn    (no ring)
MPRegen 0.58/turn

%: no passive effects
@: blade hands, flying, studying Summonings
A: breathe lightning, AC +8, unfitting armour, electricity resistance,
cold-blooded
a: Breathe Lightning, Begin Untransformation, Renounce Religion, Evoke
Invisibility, Heroism, Finesse, Duel


You were on level 14 of the Dungeon.
You worshipped Okawaru.
Okawaru was exalted by your worship.
You had blades for hands.
You visited 2 branches of the dungeon, and saw 16 of its levels.
You also visited: Ossuary.

You collected 856 gold pieces.
You spent 385 gold pieces at shops.

Inventory:

Hand Weapons
 G - a +0 arbalest of electrocution
 U - a +8 lajatang of speed
Missiles
 j - 10 javelins (quivered)
 T - 2 silver javelins
Armour
 E - a +0 pair of boots (worn)
 H - a +1 hat (worn)
 V - the scarf of Onuc (worn) {rC+ rF+, +Inv Fly Int+8 Dex-4}
   (Okawaru gifted it to you on level 11 of the Dungeon)

   Int+8:     It affects your intelligence (+8).
   Dex-4:     It affects your dexterity (-4).
   +Inv:      It lets you turn invisible.
   Fly:       It grants you flight.
 W - a +2 pair of gloves
Magical Staves
 g - a staff of air
 B - a staff of conjuration
Jewellery
 F - an amulet of magic regeneration (around neck)
 I - a ring of see invisible (left blade hand)
 R - a +5 ring of evasion
Talismans
 b - a beast talisman
 c - a flux talisman
 O - a blade talisman (active)
Wands
 i - a wand of flame (54)
 r - a wand of iceblast (25)
 J - a wand of acid (7)
 P - a wand of digging (3)
 Y - a wand of polymorph (6)
Scrolls
 a - a scroll of butterflies {unknown}
 f - 3 scrolls of revelation
 l - 3 scrolls of teleportation
 n - 5 scrolls of blinking
 p - 3 scrolls of immolation
 q - 3 scrolls of fog
 t - 4 scrolls of fear
 v - 6 scrolls of amnesia
 w - 3 scrolls of noise
 y - 6 scrolls of enchant armour
 z - 4 scrolls of vulnerability
 C - 4 scrolls of poison
 D - a scroll of torment {unknown}
 N - 3 scrolls of silence
 Q - a scroll of brand weapon {unknown}
 S - 5 scrolls of identify
 X - a scroll of enchant weapon {unknown}
Potions
 d - 4 potions of haste
 e - 8 potions of curing
 h - 5 potions of mutation
 k - a potion of cancellation
 m - 3 potions of magic
 o - 5 potions of brilliance
 s - 3 potions of attraction
 u - 2 potions of resistance
 x - 5 potions of might
 A - 3 potions of berserk rage
 K - a potion of enlightenment
 L - a potion of heal wounds
 M - 3 potions of lignification


   Skills:
 - Level 11.5 Fighting
 * Level 3.1 Dodging
 - Level 10.0 Unarmed Combat
 - Level 14.0 Invocations
 + Level 13.0 Shapeshifting


You had 12 spell levels left.
You didn't know any spells.
Your spell library contained the following spells:

 Spells                   Type           Power      Damage    Failure   Level
 Magic Dart               Conj           0%         1d3       22%         1
 Blink                    Tloc           0%         N/A       32%         2
 Lesser Beckoning         Tloc           0%         N/A       32%         2
 Momentum Strike          Conj/Tloc      0%         3d8       32%         2
 Inner Flame              Hex/Fire       0%         N/A       54%         3
 Passage of Golubria      Tloc           0%         N/A       91%         4
 Irradiate                Conj/Alch      0%         3d11      99%         5
 Lee's Rapid Deconstruct  Erth           0%         3d4*      99%         5
 Yara's Violent Unravell  Hex/Alch       0%         3d3       99%         5
 Ignition                 Fire           0%         3d3       100%        8
 Call Imp                 Summ           Unusable   N/A       N/A         2
 Tukima's Dance           Hex            Unusable   N/A       N/A         3
 Animate Armour           Summ/Erth      Unusable   N/A       N/A         4
 Summon Lightning Spire   Summ/Air       Unusable   N/A       N/A         4

Dungeon Overview and Level Annotations

Branches:
Dungeon (15/15)            Temple (1/1) D:7            Lair (0/5) D:11
    Orc (0/2) D:10         Vaults (0/5) D:13        Ossuary (visited)
 Depths: D:15

Altars:
Ashenzari
Cheibriados
Dithmenos
Elyvilon
Fedhas
Gozag
Hepliaklqana
Kikubaaqudgha
Makhleb
Nemelex Xobeh
Okawaru
Qazlal
Ru
Sif Muna
Trog
Uskayaw
Vehumet
Wu Jian
Xom
Yredelemnul
Zin
The Shining One

Shops:
D:1 ?   D:6 *   D:8 !

Annotations:
D:8 2 transporters, LoggersVIII's ghost, novice OpEE
D:13 3 runed translucent doors, NotreDorf's ghost, journeyman GnRe


Innate Abilities, Weirdness & Mutations

You have blades for hands.
You are incapable of wielding weapons or throwing items.
You can breathe wild blasts of lightning.
Your glossy black scales are hard. (AC +8)
You cannot fit into any form of body armour.
You are resistant to electric shocks. (rElec)
You are cold-blooded and may be slowed by cold attacks.


Message History

The slime creature quivers.
The slime creature quivers.
The slime creature barely misses you.
Two slime creatures merge to form a large slime creature.
The slime creature hits you!
You fly upwards.
There is a stone staircase leading down here.
Unknown command.
You slice the large slime creature!!
The large slime creature is lightly wounded.
You barely miss the large slime creature.
The large slime creature is lightly wounded.
The slime creature hits you but does no damage.
You barely miss the large slime creature.
The large slime creature is lightly wounded.
The slime creature closely misses you.
You slice the large slime creature!! You tail-slap the large slime creature.
You slash the large slime creature, but do no damage.
The large slime creature is moderately wounded.
The slime creature hits you but does no damage.
The large slime creature hits you!!!
You slice the large slime creature!!
The large slime creature is heavily wounded.
The large slime creature hits you!!
* * * LOW HITPOINT WARNING * * *
The slime creature misses you.
You hit the large slime creature.
You tail-slap the large slime creature, but do no damage.
The large slime creature is heavily wounded.
You slash the large slime creature!
The large slime creature is heavily wounded.
The slime creature hits you!
* * * LOW HITPOINT WARNING * * *
The large slime creature hits you!!
* * * LOW HITPOINT WARNING * * *
Unknown command.
You feel much better. The slime creature hits you!
* * * LOW HITPOINT WARNING * * *
The large slime creature hits you!!
You die...

..............#.....#...#
..########.##.###..##...#
#####>.###.##########..#####
.'.#............#....<.##..##
.#.'............#......(....#
.#.#.......###'##...........#
.#.#...######..##..##.......#
.###...##..##..##+###......##
+####'###..#....@J.........##
...#...#...'...J............#
...#...##..##..##...........#
...'...##..##..##...........#
..##...##...#..+...........#####
..###'###...#..##..##......##..##
..#....##..##..##..##...........#
..#....##..######....)..........#
..#######.......+..........##..##


You could see a large slime creature and a slime creature.

Vanquished Creatures
  Josephine (D:11)
  2 vault guards (D:13)
  Erica (D:11)
  2 hydras (D:13)
  2 centaur warriors (D:14)
  3 boulder beetles
  4 two-headed ogres
  A deep elf knight (D:13)
  An arcanist (D:13)
  Pikel (D:8)
  A deep elf zephyrmancer (D:10)
  A necromancer (D:13)
  A harpy (shapeshifter) (D:14)
  2 deep elf pyromancers
  5 cyclopes
  3 ugly things
  4 manticores
  3 gargoyles
  2 efreet (D:14)
  A tengu conjurer (D:12)
  A freezing wraith (D:14)
  A kobold demonologist (D:9)
  A yaktaur (D:13)
  The ghost of Consumeair16 the Ducker, an amateur GnMo of Kikubaaqudgha (D:5)
  7 trolls
  13 slime creatures
  Sigmund (D:4)
  2 vampires
  7 wraiths
  11 yaks
  A wyvern (D:10)
  A steam dragon (D:7)
  8 vampire mosquitoes
  20 humans (D:13)
  2 water moccasins
  A swamp drake (D:10)
  Duvessa (D:4)
  7 orc warriors
  A sky beast (D:6)
  2 ice beasts
  A black bear (D:5)
  An ogre (D:5)
  4 centaurs
  4 lemures (D:8)
  A phantom (D:6)
  12 kobold brigands
  Blork the orc (D:4)
  8 bullfrogs
  2 gnoll sergeants
  2 scorpions
  13 wights
  A burial acolyte (Ossuary)
  10 killer bees (D:8)
  Dowan (D:4)
  3 howler monkeys
  A crimson imp (D:10)
  2 bombardier beetles (D:5)
  A bullfrog zombie (D:5)
  A centaur zombie (Ossuary)
  The ghost of greatermn the Conjurer, a weakling DECj (D:3)
  A jelly (D:8)
  A hound (D:6)
  A gnoll bouda (D:9)
  2 human zombies (Ossuary)
  10 orc priests
  A bullfrog skeleton (D:5)
  A centaur skeleton (D:5)
  2 sleepcaps
  An iron imp (D:10)
  7 iguanas
  19 orc wizards
  A bullfrog simulacrum (Ossuary)
  A hound zombie (Ossuary)
  3 mummies (Ossuary)
  8 adders
  12 gnolls
  3 shadow imps
  3 white imps
  2 ufetubi (D:6)
  5 adder zombies (Ossuary)
  4 dart slugs
  4 ribbon worms (D:3)
  51 orcs
  6 bats
  13 endoplasms
  5 giant cockroaches
  3 gnoll zombies (Ossuary)
  5 goblins
  7 hobgoblins
  5 quokkas
  5 ball pythons
  4 ball python zombies (Ossuary)
  9 frilled lizards
  5 jackal zombies (Ossuary)
  59 kobolds
  6 kobold skeletons (D:9)
  16 kobold zombies
  2 orc zombies (Ossuary)
  7 rats
500 creatures vanquished.

Notes
Turn   | Place    | Note
-------+----------+-------------------------------------------
     0 | D:1      | cdecastro the Draconian Shapeshifter began the quest for
                  | the Orb.
     0 | D:1      | Reached XP level 1. HP: 16/16 MP: 1/1
   202 | D:1      | Reached XP level 2. HP: 23/23 MP: 2/2
   246 | D:1      | Found Heeshr Giumm's Magic Scroll Shop.
   331 | D:1      | Found a faded altar of an unknown god.
   351 | D:1      | Prayed at the altar of an unknown god.
   351 | D:1      | Became a worshipper of Warmaster Okawaru
   351 | D:1      | Reached * piety under Okawaru
   503 | D:1      | Reached XP level 3. HP: 24/28 MP: 3/3
   808 | D:1      | Bought a scroll of immolation for 44 gold pieces
   808 | D:1      | Bought a scroll of identify for 22 gold pieces
   995 | D:2      | Noticed a black bear
  1635 | D:2      | Reached XP level 4. HP: 17/35 MP: 4/4
  1882 | D:3      | Found a runed translucent door.
  1883 | D:3      | Noticed greatermn's ghost (weakling DECj)
  2171 | D:3      | Found a white marble altar of Elyvilon.
  2173 | D:3      | Found a basalt altar of Yredelemnul.
  2174 | D:3      | Found a stormy altar of Qazlal.
  2297 | D:3      | Found a runed translucent door.
  2495 | D:3      | Found a radiant altar of Vehumet.
  2499 | D:3      | Found an ancient bone altar of Kikubaaqudgha.
  2500 | D:3      | Found a shimmering blue altar of Sif Muna.
  2923 | D:4      | Noticed Sigmund
  2930 | D:3      | Reached skill level 5 in Unarmed Combat
  2930 | D:3      | Reached XP level 5. HP: 40/40 MP: 5/5
  3211 | D:4      | Noticed Duvessa
  3215 | D:4      | Noticed Dowan
  3337 | D:4      | Killed Duvessa
  3338 | D:4      | Reached XP level 6. HP: 19/47 MP: 3/6
  3468 | D:4      | Killed Dowan
  3534 | D:4      | Noticed Blork the orc
  3549 | D:4      | Killed Blork the orc
  3804 | D:4      | Found a hazy altar of Hepliaklqana.
  3854 | D:4      | Killed Sigmund
  3854 | D:4      | Reached ** piety under Okawaru
  3855 | D:4      | Reached skill level 5 in Shapeshifting
  3855 | D:4      | Your scales start taking on a glossy black colour.
  3855 | D:4      | Reached XP level 7. HP: 32/52 MP: 5/7
  3855 | D:4      | Gained mutation: You are resistant to electric shocks.
                  | (rElec) [Black Draconian growth]
  4070 | D:5      | Entered Level 5 of the Dungeon
  4311 | D:5      | Reached XP level 8. HP: 37/59 MP: 8/8
  4657 | D:5      | Reached *** piety under Okawaru
  4826 | D:5      | HP: 2/59 [orc priest/divine providence (17)]
  5226 | D:5      | Found a runed translucent gate.
  5226 | D:5      | Found a runed translucent gate.
  5227 | D:5      | Found a runed translucent gate.
  5317 | D:5      | Noticed Consumeair16's ghost (amateur GnMo)
  5765 | D:6      | Found a sand-covered staircase.
  5772 | Ossuary  | Entered an ossuary
  6018 | Ossuary  | Reached skill level 10 in Unarmed Combat
  6051 | Ossuary  | Reached XP level 9. HP: 41/64 MP: 9/9
  6365 | D:6      | Noticed a cyclops
  6451 | D:6      | Killed a cyclops
  6609 | D:6      | Noticed a troll
  6618 | D:6      | Killed a troll
  6619 | D:6      | Reached skill level 5 in Fighting
  7009 | D:6      | You fall into a shaft and drop 2 floors!
  7066 | D:7      | Found a staircase to the Ecumenical Temple.
  7076 | D:7      | Reached **** piety under Okawaru
  7325 | Temple   | Entered the Ecumenical Temple
  7590 | D:6      | Found a sacrificial altar of Ru.
  7678 | D:6      | Found Nirus Zam's Elemental Accessories.
  8025 | D:7      | Found a glowing golden altar of the Shining One.
  8933 | D:8      | Reached XP level 10. HP: 86/86 MP: 10/10
  9073 | D:8      | Reached ***** piety under Okawaru
  9342 | D:8      | Found a transporter.
  9344 | D:8      | Noticed a centaur warrior
  9348 | D:8      | Noticed LoggersVIII's ghost (novice OpEE)
  9354 | D:8      | Found a transporter.
  9751 | D:8      | Reached skill level 10 in Fighting
  9863 | D:8      | Noticed a two-headed ogre
  9879 | D:8      | Killed a two-headed ogre
  9879 | D:8      | Received a gift from Okawaru
 10227 | D:8      | Noticed Pikel
 10260 | D:8      | Killed Pikel
 10350 | D:8      | Found Sacapom's Distillery.
 10358 | D:8      | Bought a potion of enlightenment for 50 gold pieces
 10358 | D:8      | Bought a potion of heal wounds for 50 gold pieces
 10358 | D:8      | Bought 2 potions of lignification for 60 gold pieces
 10709 | D:8      | Reached XP level 11. HP: 70/102 MP: 11/11
 11273 | D:9      | Noticed a soul eater
 11777 | D:9      | Noticed a two-headed ogre
 11793 | D:9      | Killed a two-headed ogre
 11793 | D:9      | Received a gift from Okawaru
 11794 | D:9      | Reached skill level 2 in Invocations
 11794 | D:9      | Reached skill level 10 in Shapeshifting
 12243 | D:9      | Reached skill level 3 in Invocations
 12258 | D:9      | Found an ancient bone altar of Kikubaaqudgha.
 12561 | D:1      | Bought a scroll of teleportation for 33 gold pieces
 12561 | D:1      | Bought a scroll of revelation for 82 gold pieces
 12561 | D:1      | Bought a scroll of fog for 44 gold pieces
 12637 | D:3      | Killed greatermn's ghost
 12726 | D:5      | Killed Consumeair16's ghost
 13019 | D:10     | Entered Level 10 of the Dungeon
 13103 | D:9      | Reached skill level 4 in Invocations
 13356 | D:10     | Noticed a deep elf zephyrmancer
 13360 | D:10     | Noticed a deep elf pyromancer
 13366 | D:10     | Killed a deep elf pyromancer
 13367 | D:10     | Reached skill level 5 in Invocations
 13390 | D:10     | Killed a deep elf zephyrmancer
 13571 | D:9      | Received a gift from Okawaru
 13645 | D:10     | Reached skill level 6 in Invocations
 13786 | D:10     | Found a shadowy altar of Dithmenos.
 14161 | D:10     | Found a staircase to the Orcish Mines.
 14256 | D:10     | Reached skill level 7 in Invocations
 14392 | D:10     | Found a sparkling altar of Nemelex Xobeh.
 14960 | D:11     | Found a staircase to the Lair.
 15193 | D:11     | Noticed Erica
 15223 | D:11     | Killed Erica
 15544 | D:11     | Received a gift from Okawaru
 15662 | D:11     | Reached skill level 8 in Invocations
 15835 | D:11     | Noticed Josephine
 15851 | D:10     | Reached XP level 12. HP: 84/110 MP: 18/18
 15928 | D:11     | Killed Josephine
 16081 | D:11     | Reached skill level 9 in Invocations
 16562 | D:12     | Noticed a two-headed ogre
 16606 | D:11     | Killed a two-headed ogre
 16766 | D:12     | Noticed a two-headed ogre
 16775 | D:12     | Killed a two-headed ogre
 16775 | D:12     | Reached ****** piety under Okawaru
 16815 | D:11     | Reached skill level 10 in Invocations
 16871 | D:11     | Received a gift from Okawaru
 17087 | D:11     | Acquired a +8 lajatang of speed
 17087 | D:11     | Received a gift from Okawaru
 17092 | D:11     | Acquired the scarf of Onuc {rC+ rF+, +Inv Fly Int+8 Dex-4}
 17092 | D:11     | Received a gift from Okawaru
 18257 | D:13     | Reached skill level 11 in Invocations
 19008 | D:13     | Noticed a five-headed hydra
 19145 | D:13     | Noticed a boulder beetle
 19155 | D:12     | Killed a boulder beetle
 19155 | D:12     | Received a gift from Okawaru
 19156 | D:12     | Reached skill level 12 in Invocations
 19606 | D:13     | Killed a five-headed hydra
 19759 | D:13     | Noticed a boulder beetle
 19777 | D:13     | Noticed a seven-headed hydra
 19784 | D:13     | Killed a boulder beetle
 19785 | D:13     | Reached XP level 13. HP: 44/116 MP: 22/22
 20474 | D:13     | Identified the +3 leather armour of the Shoals {Str+4}
 20485 | D:13     | HP: 5/116 [vault guard/+0 great mace (17)]
 20488 | D:13     | Reached skill level 13 in Invocations
 20503 | D:13     | Received a gift from Okawaru
 20796 | D:13     | Found a runed translucent gate.
 20796 | D:13     | Found a runed translucent gate.
 20796 | D:13     | Found a runed translucent gate.
 20864 | D:13     | Found a gate to the Vaults.
 21338 | D:13     | Noticed NotreDorf's ghost (journeyman GnRe)
 21946 | D:14     | Reached skill level 14 in Invocations
 22463 | D:14     | Found a hide-covered altar of Uskayaw.
 23069 | D:15     | Entered Level 15 of the Dungeon
 23083 | D:14     | HP: 4/116 [large slime creature (31)]
 23084 | D:14     | Demolished by a large slime creature

Illustrated notes

Levels and vault maps discovered:
D:1:      nzn_arrival_settlement, layout_rooms, basic_ecumenical_altar,
          serial_shops, shop, hangedman_decor_slide_cut, nrook_mini_vaults,
          grunt_decor_mini_mirrors, minmay_indecisive_spiral
D:2:      layout_basic, serial_forest, infiniplex_forest_side_room,
          infiniplex_forest_clump_small, infiniplex_forest_clump_curved,
          infiniplex_forest_lined_2, infiniplex_forest_straight_3,
          infiniplex_forest_clump_C, minmay_misc_feat_more_columns,
          glass_columns_b, kennysheep_cluttered_room, kennysheep_crisscross
D:3:      layout_basic, grunt_temple_overflow_magic_moments,
          grunt_temple_overflow_open, ebering_ghost_sewer_f,
          minmay_strange_pillars
D:4:      layout_gridville, mainiacjoe_overflow_small_starburst,
          minmay_a_box_with_orc_wizards_in_it, uniq_sigmund, uniq_duvessa,
          uniq_blork_the_orc
D:5:      layout_rooms, gammafunk_ghost_necromancy, minmay_manual_mess
D:6:      layout_cave_pods, nicolae_overflow_hidden_temple,
          chequers_ossuary_entry_cave, nicolae_elemental_shop,
          minmay_three_doors
D:7:      layout_basic, nicolae_tso_carved_into_rock,
          minmay_temple_entry_mini_moons
D:8:      layout_rooms, gammafunk_ghost_arena, serial_shops, shop,
          grunt_ministairs_4, grunt_potential, uniq_pikel
D:9:      wander_kiku_kobolds, layout_rooms
D:10:     layout_cave_pools, nemelex_spade_bored_becter, grunt_dithmenos_smoke,
          hiddenorc1_lemuel, minivault_5, hangedman_minor_magic
D:11:     layout_layer_cave, lair_entry_dummy, kennysheep_generic_room_13,
          uniq_erica, uniq_josephine
D:12:     layout_long_grid
D:13:     layout_small_grid, grunt_vaults_entry_tiered,
          gammafunk_ghost_spectres, st_stairs_4
D:14:     layout_gridville, minmay_misc_feat_encased, nicolae_uskayaw_en_pointe
D:15:     hangedman_depths_entry_try_elsewhere_first, layout_basic
Temple:   bh_familiar_temple

Skill      XL: |  1  2  3  4  5  6  7  8  9 10 11 12 13 |
---------------+----------------------------------------+-----
Unarmed Combat | 4 5 7 8 10 | 10.0
Shapeshifting  | 4 5 6 8 9 11 12 13 | 13.0
Fighting       | 7 11 | 11.5
Invocations    | 8 12 14 | 14.0
Dodging        | 3 |  3.1

Action                     |  1- 3 |  4- 6 |  7- 9 | 10-12 | 13-15 || total
---------------------------+-------+-------+-------+-------+-------++-------
  Melee: Unarmed           |   125 |   150 |   408 |  1004 |   176 ||  1863
         Tailslap          |     8 |    10 |    53 |   184 |    35 ||   290
         Punch             |     1 |     2 |    14 |    17 |    12 ||    46
 Invoke: Heroism           |       |     4 |     3 |     2 |     1 ||    10
         Receive Weapon    |       |       |       |     1 |       ||     1
         Receive Armour    |       |       |       |     1 |       ||     1
Ability: Breathe Lightning |       |       |       |     1 |       ||     1
    Use: Scroll            |     2 |       |    10 |     7 |       ||    19
         Potion            |       |       |     4 |     1 |     3 ||     8
   Stab: Sleeping          |     1 |     2 |       |       |       ||     3
 Armour: Skin              |    63 |    85 |   246 |   563 |   152 ||  1109
  Dodge: Dodged            |    70 |    70 |   240 |   723 |   107 ||  1210
   Form: Flux              |       |       |     1 |     1 |     1 ||     3
         Blade             |       |       |       |     2 |     1 ||     3
